Cogmind - Beta 13 @@@ ROGUE MODE // 2024.05.19 @ 18:55:52 Player: KTG-V3 Result: Destroyed by S-27 Virus with Autogun Performance ------------- Evolutions (6) 3000 Regions Visited (24) 4800 Robots Destroyed (535) 2675 Value Destroyed (21784) 21784 Prototype IDs (17) 340 Alien Tech Used (0) 0 Bonus (9452) 9452 TOTAL SCORE: 42051 Bonus ------- High Alert Combat Kills 4314 Follower Combat Kills 1316 Entered Garrisons 1000 Used RIF Installer 4000 Network Hubs Disabled 200 Met R17 at Cetus 500 Friendly Fire -1878 Cogmind --------- Core Integrity 0/1150 Matter 39/300 Energy 75/100 System Corruption 18% Temperature Cool (0) Movement Core (1400) Ox27 Location -4/Factory Parts ------- > --- POWER (2) -------- (None) > --- PROPULSION (4) --- (None) > --- UTILITY (10) ----- Huge Storage Unit Relay Coupler [NC] (26) Relay Coupler [Swarmer] (21) Relay Coupler [Hunter] (14) > --- WEAPON (3) ------- Remote Datajack > --- INVENTORY (25) --- Centrium Heavy Treads Advanced Heat Sink Improved Cooling System Energy Well (350) Energy Well (350) Matter Compressor (250) Advanced Terrain Scanner Advanced Terrain Scan Processor Improved Weapon Cycler Graphene Brace System Shield Relay Coupler [NC] (35) Relay Coupler [Sentry] (25) Rocket Array Improved Remote Datajack Plasma Cutter Peak State ------------ > --- POWER ------------ Reinforced Deuterium Engine Enhanced Fission Core > --- PROPULSION ------- Centrium Heavy Treads Centrium Heavy Treads > --- UTILITY ---------- Improved Cooling System Huge Storage Unit Improved Weapon Cycler Improved Shock Absorption System Improved Shock Absorption System Improved Hacking Suite Relay Coupler [NC] Relay Coupler [Swarmer] Relay Coupler [Sentry] Relay Coupler [Hunter] > --- WEAPON ----------- Advanced Variable Charge Gun Gauss Rifle Antimatter Cannon > --- INVENTORY -------- Enhanced Fission Core Enhanced Fission Core Improved Medium Treads Advanced Heat Sink Advanced Heat Sink Improved Cooling System Energy Well Energy Well Matter Compressor Advanced Terrain Scanner Advanced Terrain Scan Processor System Shield Relay Coupler [NC] Relay Coupler [Grunt] Relay Coupler [Sentry] Relay Coupler [Hunter] Tesla Rifle Gauss Rifle Gauss Rifle KE Penetrator Improved Proton Missile Launcher Rocket Launcher Rocket Array Remote Datajack Plasma Cutter [Rating: 117] Favorites ----------- Power Improved Ion Engine Engine Improved Ion Engine Power Core Enhanced Fission Core Reactor Antimatter Reactor Propulsion Light Treads Treads Light Treads Wheel Compact Wheel Utility Huge Storage Unit Device Sensor Drone Bay Storage Huge Storage Unit Processor Advanced Targeting Computer Hackware Relay Coupler [NC] Protection Medium Armor Plating Weapon Autogun Energy Gun Advanced Variable Charge Gun Energy Cannon Heavy Ion Cannon Ballistic Gun Autogun Ballistic Cannon Enhanced Gauss Cannon Launcher Rocket Launcher Special Weapon Remote Datajack Build | -11 -10 -10 -9 -9 -8 -8 -8 -8 -7 -7 -7 -7 -7 -7 -6 -6 -6 -6 -6 -6 -6 -5 -5 -4 ------- Run | Yrd Mat Min Mat Min Mat Gar Mat Gar Fac Was Fac Gar Fac Gar Fac Was Fac Ext Cet Arc Hub Fac Gar Fac Slots Evolved 12 | . . . 2 . 2 . . . 2 . . . . . 2 . . . . . . 2 . 2 Power 1 | . . . . . . . . . . . . . . . . . . . . . . 1 . . Propulsion 2 | . . . . . . . . . 2 . . . . . . . . . . . . . . . Utility 8 | . . . 2 . 2 . . . . . . . . . 1 . . . . . . 1 . 2 Weapon 1 | . . . . . . . . . . . . . . . 1 . . . . . . . . . Parts Attached 718 | 6 13 3 23 2 29 38 9 34 73 42 12 55 33 34 15 16 46 54 19 18 5 52 37 50 Power 43 | 1 2 . 1 . 1 3 . 2 1 1 . 2 2 . . 3 1 6 2 . 1 8 2 4 Engine 22 | 1 1 . 1 . 1 1 . . 1 . . 2 1 . . 2 . 4 1 . . 5 1 . Core 15 | . 1 . . . . 2 . 2 . . . . 1 . . . . 1 . . . 3 1 4 Reactor 6 | . . . . . . . . . . 1 . . . . . 1 1 1 1 . 1 . . . Propulsion 54 | 2 . . 2 . 3 3 1 2 6 3 . 2 . . 1 2 4 3 5 2 . 4 1 8 Treads 39 | 2 . . 2 . 1 2 . . 2 3 . 2 . . 1 2 4 3 5 2 . 4 1 3 Leg . | . . . . . . . . . . . . . . . . . . . . . . . . . Wheel 15 | . . . . . 2 1 1 2 4 . . . . . . . . . . . . . . 5 Hover . | . . . . . . . . . . . . . . . . . . . . . . . . . Flight . | . . . . . . . . . . . . . . . . . . . . . . . . . Utility 360 | 1 6 3 13 2 11 21 5 14 39 28 11 26 17 17 12 9 22 24 6 14 3 27 12 17 Device 241 | . 1 1 11 1 10 16 4 11 34 14 9 18 12 7 8 4 17 15 3 9 2 20 5 9 Storage 12 | 1 3 . 1 . . . . . . . . . . 1 . . 1 1 . . . 4 . . Processor 12 | . . . . . . 1 . . . 2 1 . 1 . 1 . . . 1 . . 1 2 2 Hackware 32 | . . . . . . 1 1 2 1 . . 3 2 6 2 1 . 1 . 4 . 1 5 2 Protection 63 | . 2 2 1 1 1 3 . 1 4 12 1 5 2 3 1 4 4 7 2 1 1 1 . 4 Artifact . | . . . . . . . . . . . . . . . . . . . . . . . . . Weapon 261 | 2 5 . 7 . 14 11 3 16 27 10 1 25 14 17 2 2 19 21 6 2 1 13 22 21 Energy Gun 8 | . 1 . . . . . . . . . . . . . . . . . 2 . . 1 3 1 Energy Cannon 47 | . . . . . 2 2 . 1 11 5 1 7 3 6 . 2 5 1 . . . . . 1 Ballistic Gun 43 | 2 4 . 5 . 2 . . . . . . . . . . . . . 3 2 1 9 5 10 Ballistic Cannon 72 | . . . 1 . 6 6 1 8 6 . . 6 5 5 1 . 7 13 1 . . 1 4 1 Launcher 36 | . . . 1 . 4 2 1 1 5 . . 3 . 1 . . 6 5 . . . 2 2 3 Special Weapon 55 | . . . . . . 1 1 6 5 5 . 9 6 5 1 . 1 2 . . . . 8 5 Impact Weapon . | . . . . . . . . . . . . . . . . . . . . . . . . . Slashing Weapon . | . . . . . . . . . . . . . . . . . . . . . . . . . Piercing Weapon . | . . . . . . . . . . . . . . . . . . . . . . . . . Special Melee Weapon . | . . . . . . . . . . . . . . . . . . . . . . . . . Unidentified Prototypes 12 | . . . . 1 . . . . 2 . . 1 . . . . 1 . 3 . 1 3 . . Corrupted Parts 8 | . . . . . . . 1 1 2 . . . . . . . . 1 . . . . . 3 System Corruption 28 | . . . . . . . 2 1 8 . . . . . . . . 2 . . . . . 15 Parts Lost 96 | . . . . . . 3 . 3 3 . . 2 . 1 1 . 7 5 10 2 8 11 7 33 Power 11 | . . . . . . . . . . . . . . . . . 1 1 . . 2 1 1 5 Propulsion 19 | . . . . . . 1 . 1 . . . . . . 1 . 2 . 4 . 2 1 1 6 Utility 45 | . . . . . . 2 . 2 2 . . 2 . 1 . . 3 3 4 2 2 6 2 14 Weapon 21 | . . . . . . . . . 1 . . . . . . . 1 1 2 . 2 3 3 8 Highest Loss Streak 16 | . . . . . . 3 . 1 1 . . 1 . 1 1 . 2 2 6 2 8 4 3 16 To Critical Strikes 3 | . . . . . . . . . . . . . . . . . . . 3 . . . . . Average Slot Usage (%) 87 | . 99 100 99 99 98 98 88 82 90 65 60 73 83 81 79 75 73 90 87 86 90 85 85 85 Engine 5 | . 9 14 11 11 9 5 . . 5 1 . 1 3 7 6 2 . 3 6 6 5 4 3 1 Core 1 | . 4 . . . . 3 9 8 1 . . . 3 . . . . 1 . . . 4 6 7 Reactor 1 | . . . . . . . . . . 5 7 5 . . . 3 6 1 . . . . . . Treads 14 | . 28 28 22 22 7 . . . 4 6 15 15 15 15 12 13 14 20 18 20 19 12 10 6 Wheel 3 | . . . . . 10 16 18 11 19 11 . . . . . . . . . . . . . 5 Device 15 | . . . 21 21 35 20 16 17 21 2 6 11 12 5 17 6 16 22 26 17 8 16 15 15 Storage 8 | . 14 14 11 11 9 9 9 9 7 7 7 7 7 7 6 6 6 6 6 6 6 8 6 5 Hackware 6 | . . . . . . 4 1 9 4 7 . 7 15 20 15 16 3 1 . 9 26 16 22 23 Protection 7 | . 12 13 11 11 8 9 9 8 7 4 7 7 8 7 6 5 7 12 7 1 3 . . 1 Energy Cannon 3 | . . . . . 1 1 6 . 6 13 15 8 2 6 . 12 10 6 . . . . . . Ballistic Gun 7 | . 27 28 17 11 3 . . . . . . . . . . . . . 5 20 19 15 5 10 Ballistic Cannon 5 | . . . 4 11 11 16 9 13 6 . . 3 9 5 6 . 4 11 6 . . . 1 2 Special Weapon 1 | . . . . . . . 1 2 . 1 . 2 3 2 5 6 1 . . . . . 2 . Naked Turns . | . . . . . . . . . . . . . . . . . . . . . . . . . Heaviest Build 160 | 12 60 60 104 117 128 146 148 136 149 157 158 160 143 129 128 160 159 153 139 128 128 138 137 139 Greatest Support 160 | 40 40 40 40 40 42 32 26 26 56 140 140 150 150 150 150 150 145 120 138 138 126 160 160 160 Greatest Overweight (x) 26 | . 1 1 2 2 3 7 5 13 7 5 1 1 . . . 1 2 1 2 1 1 1 1 26 Average Overweight (x) 1 | . . 1 1 2 2 4 5 9 2 2 1 . . . . . . 1 . . . . . 2 Largest Inventory Capacity 25 | 8 20 20 25 25 25 25 25 25 25 25 25 25 25 25 25 25 25 25 25 25 25 25 25 25 Average Capacity 24 | 7 16 20 24 25 25 25 25 25 25 25 25 25 25 25 25 25 25 25 25 25 25 25 25 25 Most Carried 25 | 8 20 20 25 25 25 25 25 25 25 25 25 25 25 25 25 25 25 25 25 25 25 25 25 25 Average Carried 23 | 5 16 19 24 24 24 24 24 22 24 24 23 24 24 24 23 23 23 24 23 23 24 22 24 23 Final Capacity 25 | 8 20 20 25 25 25 25 25 25 25 25 25 25 25 25 25 25 25 25 25 25 25 25 25 25 Final Carried 25 | 8 20 20 24 25 25 25 24 19 25 24 25 25 24 24 22 25 25 25 25 25 24 24 25 17 Class Distribution -------------------- 31% | Mutant 21% | Bothacker-Mutant 15% | Scavenger-Tank 9% | Botlord-Mutant 4% | Scavenger-Mutant 4% | Botlord-Tank 3% | Scavenger-Gunner Dominant Class ---------------- Mutant | -10/Materials Mutant | -10/Mines Mutant | -9/Materials Mutant | -9/Mines Mutant | -8/Materials Mutant | -8/Garrison Bothacker-Mutant | -8/Materials Bothacker-Mutant | -8/Garrison Bothacker-Mutant | -7/Factory Bothacker-Mutant | -7/Waste Bothacker-Mutant | -7/Factory Botlord-Mutant | -7/Garrison Botlord-Mutant | -7/Factory Botlord-Mutant | -7/Garrison Botlord-Tank | -6/Factory Bothacker-Tank | -6/Waste Scavenger-Tank | -6/Factory Scavenger-Tank | -6/Extension Scavenger-Tank | -6/Cetus Scavenger-Skirmisher | -6/Archives Scavenger-Tank | -6/Hub_04(d) Scavenger-Gunner | -5/Factory Botlord-Gunner | -5/Garrison Botlord-Tank | -4/Factory Resources | -11 -10 -10 -9 -9 -8 -8 -8 -8 -7 -7 -7 -7 -7 -7 -6 -6 -6 -6 -6 -6 -6 -5 -5 -4 ----------- Run | Yrd Mat Min Mat Min Mat Gar Mat Gar Fac Was Fac Gar Fac Gar Fac Was Fac Ext Cet Arc Hub Fac Gar Fac Matter Collected 19762 | 284 564 258 960 126 879 1078 173 956 1858 530 210 934 773 759 299 241 2193 1731 462 466 220 2016 864 928 Remotely 8152 | . . . 259 . 483 330 41 516 1044 . 91 382 422 216 148 . 1674 758 234 77 55 1178 244 . Salvage Created 23566 | 103 627 139 1162 204 674 857 545 533 2166 1814 522 1274 497 459 264 1631 2534 1770 411 613 412 2463 811 1081 Parts 987 | 10 47 5 81 13 44 49 23 35 76 23 20 54 17 22 11 28 100 68 18 43 14 108 32 46 Haulers Intercepted 17 | . 2 . 5 . 4 . 1 . . . . . . . . . 1 . . . . 4 . . Recyclers Shooed 15 | 1 . . 1 . 1 . . . 1 . . . 1 . . . 1 3 . . . 4 . 2 Parts Field Recycled . | . . . . . . . . . . . . . . . . . . . . . . . . . Retrieved Matter . | . . . . . . . . . . . . . . . . . . . . . . . . . Parts Self-Destructed . | . . . . . . . . . . . . . . . . . . . . . . . . . Prevented . | . . . . . . . . . . . . . . . . . . . . . . . . . Kills | -11 -10 -10 -9 -9 -8 -8 -8 -8 -7 -7 -7 -7 -7 -7 -6 -6 -6 -6 -6 -6 -6 -5 -5 -4 ------- Run | Yrd Mat Min Mat Min Mat Gar Mat Gar Fac Was Fac Gar Fac Gar Fac Was Fac Ext Cet Arc Hub Fac Gar Fac Combat Hostiles Destroyed 411 | . 12 . 23 3 15 24 2 25 39 6 9 29 8 15 3 6 63 32 8 4 7 37 24 17 Guns 102 | . 12 . 15 3 1 . . . . . . . . . . . . . 4 4 7 32 14 10 Cannons 194 | . . . 3 . 5 18 2 22 26 5 9 17 8 8 3 5 33 19 4 . . . 3 4 AOE 108 | . . . 5 . 8 6 . 3 12 . . 11 . 7 . . 29 12 . . . 5 7 3 Classes Destroyed 24 | 2 7 . 4 1 1 2 . 1 2 1 . 1 . . . . 2 . . . . . . . Worker 19 | . 2 . 5 2 . . 1 . . . . . . . . . . 4 . . . 4 . 1 Builder 11 | . 1 . . 1 2 . . . 1 . . . . . . . . 1 . . . 3 . 2 Tunneler 5 | 2 . . 1 . 1 . 1 . . . . . . . . . . . . . . . . . Hauler 17 | . 2 . 5 . 4 . 1 . . . . . . . . . 1 . . . . 4 . . Recycler 29 | 1 . 2 1 . 1 . 3 . 9 . . . 3 . 1 . 2 4 . . . . . 2 Mechanic 6 | . . . 1 . . . . . 1 . . . . . . . 3 . . . . 1 . . Operator 15 | . 1 . 2 . . . . . 1 . . . . . . . 2 . . 9 . . . . Drone 2 | . . . . . 1 . . . . . . . . . . . . . . . . 1 . . Watcher 18 | . 2 . 2 . 2 1 2 . 1 . . . . . 1 . 4 1 1 . . . . 1 Swarmer 85 | . 3 . 10 . 4 4 . 12 3 . . 11 . 8 . . 7 8 . . . 4 11 . Cutter 6 | . . . . . . . . 3 . . . 3 . . . . . . . . . . . . Saboteur 2 | . . . . . . . . . . . . . . . . . 2 . . . . . . . Grunt 177 | . 9 . 8 2 8 7 . 7 24 . 5 12 5 4 . . 26 15 . . 6 20 7 12 Brawler 15 | . . . 1 . . 1 . . . . . . . . . . 7 4 . . . 2 . . Duelist 5 | . . . . 1 . . . . 2 . . . . . . . 1 . . . . 1 . . Protector 3 | . . . . . . . . . 1 . . . . . . . 2 . . . . . . . Sentry 46 | . . . 4 . 3 8 2 4 3 . 3 1 2 4 . . 3 3 . 4 . 1 . 1 Demolisher 1 | . . . . . . . . . . . . 1 . . . . . . . . . . . . Specialist 3 | . . . . . . . . . . . . . . . . . 3 . . . . . . . Hunter 19 | . . . . . . . . . 2 . . 1 . . 1 . 7 . . . 1 3 4 . Programmer 28 | . . . . . . 3 . 1 4 . 1 . 1 . 1 . 5 1 . . . 6 1 4 Behemoth 4 | . . . . . . 1 . . . . . . . . 1 . . 1 . . . . 1 . Compactor 12 | . . . . . . . . . . 6 . . . . . 6 . . . . . . . . Cetus Guard 8 | . . . . . . . . . . . . . . . . . . . 8 . . . . . Zionite 1 | . . . 1 . . . . . . . . . . . . . . . . . . . . . Thug 2 | . . . . . 1 . . . . . . . . . . . . 1 . . . . . . Best Kill Streak 16 | 3 3 1 9 4 6 7 3 9 5 1 3 9 3 7 3 2 16 7 3 8 4 8 12 5 Combat Bots Only 13 | . 3 . 7 3 6 7 2 9 5 1 3 9 3 7 2 2 13 5 3 2 4 7 12 4 Max Kills in Single Turn 8 | 1 2 1 8 2 3 2 1 3 3 1 1 5 2 5 1 1 5 3 1 1 1 2 4 2 Gunslinging 1 | . . . . . . . . . . . . . . . . . . . . . . 1 . 1 Exploded 5 | . . . 5 . 3 2 . 3 3 . . 5 . 5 . . 4 3 . . . 2 4 2 Melee . | . . . . . . . . . . . . . . . . . . . . . . . . . Uniques/NPCs Destroyed . | . . . . . . . . . . . . . . . . . . . . . . . . . Combat | -11 -10 -10 -9 -9 -8 -8 -8 -8 -7 -7 -7 -7 -7 -7 -6 -6 -6 -6 -6 -6 -6 -5 -5 -4 -------- Run | Yrd Mat Min Mat Min Mat Gar Mat Gar Fac Was Fac Gar Fac Gar Fac Was Fac Ext Cet Arc Hub Fac Gar Fac Hostile Shots Fired 2680 | . 56 2 103 5 28 64 6 140 222 . 104 157 93 107 24 . 443 141 138 16 135 225 194 277 Missed 736 | . 17 . 27 2 7 17 2 41 71 . 32 38 35 34 5 . 134 39 31 1 31 45 57 70 Damage Taken 29778 | . 452 23 596 55 255 606 43 1228 1962 . 686 1976 617 1004 417 . 4534 1613 2025 247 1765 2829 1934 4911 Core 3026 | . 48 . 64 8 39 115 11 145 179 . 28 86 15 100 50 . 234 30 200 55 96 234 123 1166 Absorbed by Shields 2576 | . . . 242 20 101 190 16 13 236 . . 132 . . 54 . 637 68 317 87 . 463 . . Reduced by Siege Mode 847 | . . . . . . . . . . . 22 117 18 3 19 . 154 35 43 13 33 206 118 66 Ignored by Resistances 1181 | . . . . . . . . . . . 28 . 40 22 30 . . 164 553 32 . 189 114 9 Regen/Repaired (Parts) 3037 | . 144 . . . . . 22 . . . 130 . . . 276 . 517 693 . . . 1255 . . Core Remaining (%) 61 | 100 . 80 . 82 . . . 43 . . . . . 41 . . . . . . 21 . 64 . Volleys Fired 1548 | 4 64 7 119 10 63 49 17 66 134 115 24 77 53 54 20 64 178 102 41 24 16 114 66 67 Largest 3 | 2 2 2 2 2 2 2 1 2 2 2 2 2 2 2 1 2 3 3 3 3 3 3 3 3 Hottest 182 | 40 60 46 62 62 96 96 69 114 160 160 160 145 113 130 60 130 170 170 166 105 105 129 182 154 Shots Fired 2900 | 8 128 14 198 20 105 90 17 107 203 191 49 140 84 75 20 117 304 203 68 66 48 323 155 167 Gun 1062 | 8 128 14 180 10 23 . . . . . . . . . . . . . 37 66 48 314 117 117 Cannon 1634 | . . . 17 10 70 86 16 98 178 184 49 129 65 57 15 113 278 171 31 . . 1 31 35 Launcher 100 | . . . 1 . 12 4 1 1 15 . . 7 . 2 . . 23 13 . . . 8 4 9 Special 104 | . . . . . . . . 8 10 7 . 4 19 16 5 4 3 19 . . . . 3 6 Kinetic 1702 | 8 122 14 197 20 84 81 . 96 61 . . 23 47 25 15 . 105 114 51 66 48 300 92 133 Thermal 922 | . . . . . . . . 2 91 184 49 106 18 32 . 113 173 57 17 . . 15 56 9 Explosive 100 | . . . 1 . 12 4 1 1 15 . . 7 . 2 . . 23 13 . . . 8 4 9 Electromagnetic 74 | . 6 . . . 9 5 16 2 26 . . . . . . . . . . . . . . 10 Robot Hit Streak 39 | 4 13 8 13 7 11 16 13 6 17 15 18 15 12 14 10 15 25 24 13 16 14 23 39 12 Robot Miss Streak 7 | 1 5 1 6 2 4 5 1 5 6 2 1 4 3 2 1 2 7 3 2 1 2 4 2 4 Penetration Max 2 | . . . . . . 1 . . . . . . . . 1 . . . 2 1 1 1 . 1 Secondary Targets 14 | . 1 . 1 . . . . . . . . . . . . . . . 1 . . 6 2 3 Max Gunslinging Chain 1 | . 1 . 1 . . . . . . . . . . . . . . . 1 . . 1 1 1 Shots Hit Robots 1921 | 5 80 10 115 12 59 48 14 40 128 152 38 93 58 40 16 88 191 126 55 49 35 244 115 110 Core Hits 1101 | 4 31 5 57 7 42 33 10 29 98 22 17 72 14 28 6 15 199 111 27 26 15 115 52 66 Critical Kills 19 | . . . 1 . . . . . . 1 . 1 . . . 1 1 1 4 5 2 1 . 1 Critical Parts Destroyed 13 | . . . . . 1 . . . . . . . . . . . . . 3 2 1 5 . 1 Critical Strikes 100 | . . . 1 . 2 7 . 11 13 1 . 3 6 4 2 1 5 5 10 8 3 7 6 5 Burn 3 | . . . . . . . . . . . . . . . . . . . 1 . . 1 1 . Meltdown 5 | . . . . . . . . . . 1 . 1 . . . 1 1 1 . . . . . . Destroy 30 | . . . 1 . 1 . . . . . . . . . . . . . 9 8 3 6 . 2 Blast 62 | . . . . . 1 7 . 11 13 . . 2 6 4 2 . 4 4 . . . . 5 3 Melee Attacks . | . . . . . . . . . . . . . . . . . . . . . . . . . Impact . | . . . . . . . . . . . . . . . . . . . . . . . . . Slashing . | . . . . . . . . . . . . . . . . . . . . . . . . . Piercing . | . . . . . . . . . . . . . . . . . . . . . . . . . Sneak Attacks . | . . . . . . . . . . . . . . . . . . . . . . . . . Combat Hostiles . | . . . . . . . . . . . . . . . . . . . . . . . . . Follow-up Attacks . | . . . . . . . . . . . . . . . . . . . . . . . . . Damage Inflicted 65819 | 60 1165 150 2258 255 2489 1630 466 1625 5636 3883 1007 3676 1281 1435 632 2569 10943 5469 1583 1428 1003 7295 3578 4303 Guns 16971 | 60 1095 150 1517 148 216 . . . . . . . . . . . . . 835 1428 991 6308 2122 2101 Cannons 33066 | . . . 274 107 1128 1356 449 1463 3389 3883 1007 2485 1281 803 632 2569 5845 3823 748 . . . 768 1056 Explosions 15756 | . 70 . 467 . 1145 274 17 162 2247 . . 1191 . 632 . . 5098 1646 . . . 973 688 1146 Melee . | . . . . . . . . . . . . . . . . . . . . . . . . . Ramming 26 | . . . . . . . . . . . . . . . . . . . . . 12 14 . . Kinetic 30654 | 60 1034 150 1791 255 1147 1236 . 1414 1322 . . 396 941 348 632 . 2601 2801 1243 1428 991 6150 1815 2899 Thermal 17894 | . 70 . . . . . . . 1503 3883 1007 2089 340 455 . 2569 3244 1022 340 . . 158 1075 139 Explosive 15547 | . . . 467 . 1145 274 17 162 2108 . . 1191 . 632 . . 5098 1646 . . . 973 688 1146 Electromagnetic 1698 | . 61 . . . 197 120 449 49 703 . . . . . . . . . . . . . . 119 Impact . | . . . . . . . . . . . . . . . . . . . . . . . . . Slashing . | . . . . . . . . . . . . . . . . . . . . . . . . . Piercing . | . . . . . . . . . . . . . . . . . . . . . . . . . Highest Corruption 31 | . . . . . 2 4 6 8 12 21 21 21 21 22 . 22 23 31 31 31 15 7 7 18 Average Corruption 14 | . . . . . 1 3 4 6 8 20 21 21 21 21 . 18 21 25 31 21 8 2 7 4 Corruption Purged 38 | . . . . . . . . . . . . . . . . . 7 . . 31 . . . . Corruption Blocked . | . . . . . . . . . . . . . . . . . . . . . . . . . Effects 918 | . . . . . 10 31 13 32 64 61 56 80 53 62 . 33 159 123 37 27 1 18 44 14 Message Errors 192 | . . . . . 1 8 4 7 12 13 17 19 11 9 . 3 26 29 5 9 1 5 10 3 Matter Fused 197 | . . . . . 3 9 2 4 16 13 9 18 10 14 . 9 36 26 7 3 . 6 9 3 Heat Flow Errors 108 | . . . . . . 4 . 5 10 5 8 14 7 8 . . 20 11 6 2 . 3 5 . Energy Discharges 95 | . . . . . 1 1 4 1 4 8 1 8 6 12 . 1 21 17 2 1 . 1 3 3 Parts Rejected 18 | . . . . . . . . 1 2 2 1 1 2 . . 3 . 3 . . . . . 3 Parts Fused 8 | . . . . . . . . 3 1 1 . 1 . . . . 2 . . . . . . . Data Loss (minor) 99 | . . . . . 4 4 1 6 6 6 7 7 4 7 . 2 23 7 4 4 . 1 6 . Data Loss (major) 39 | . . . . . 1 1 2 1 5 2 4 . . 4 . 4 8 5 1 . . . 1 . Misfires 44 | . . . . . . 2 . 2 3 3 4 4 4 3 . 1 6 8 1 1 . . 2 . Alerts 29 | . . . . . . 2 . 2 2 . 2 4 4 2 . 1 3 4 . . . . 3 . Misdirections 6 | . . . . . . . . . 1 . . . . 1 . 1 . 1 1 . . . . 1 Weapon Failures 83 | . . . . . . . . . 2 8 3 4 5 2 . 8 14 12 10 7 . 2 5 1 Overload Shots . | . . . . . . . . . . . . . . . . . . . . . . . . . Overflow Damage 884 | . . . 7 1 84 18 . 37 163 . . 87 21 9 20 . 266 140 . . . . 23 8 Projectiles 613 | . . . 5 1 47 . . 37 80 . . 16 21 6 20 . 238 119 . . . . 23 . Explosions 271 | . . . 2 . 37 18 . . 83 . . 71 . 3 . . 28 21 . . . . . 8 Melee . | . . . . . . . . . . . . . . . . . . . . . . . . . Knockbacks 81 | . . . 5 3 7 8 . 7 11 . . 2 12 1 1 . 10 8 . . . . 2 4 Impact . | . . . . . . . . . . . . . . . . . . . . . . . . . Kinetic 77 | . . . 4 3 7 8 . 7 9 . . 2 12 1 1 . 10 7 . . . . 2 4 Secondary 4 | . . . 1 . . . . . 2 . . . . . . . . 1 . . . . . . Self-Inflicted Damage 585 | . . . . . 47 . . . 183 . . 161 . 66 . . 42 18 . . . 68 . . Shots 24 | . . . . . 2 . . . 7 . . 6 . 3 . . 2 1 . . . 3 . . Rammed 4 | . . . . . . . . . . . . . . . . . . . . . 3 1 . . Targets Rammed 4 | . . . . . . . . . . . . . . . . . . . . . 3 1 . . Kicked . | . . . . . . . . . . . . . . . . . . . . . . . . . Crushed . | . . . . . . . . . . . . . . . . . . . . . . . . . Highest Temperature 455 | . 126 28 9 58 . 236 126 224 279 389 297 259 224 260 . 318 265 219 197 110 137 274 231 455 Average Temperature 83 | . 30 13 9 24 . 74 43 69 65 136 90 107 88 66 . 109 76 70 94 39 66 89 79 80 Received Heat Transfer 6239 | . 228 40 137 4 84 203 6 243 672 . 306 498 267 165 65 . 590 408 132 68 237 812 141 933 Effects 10 | . . . . . . 2 . . . 2 . 2 . . . . 1 . . . . 1 . 2 Shutdowns 1 | . . . . . . . . . . . . . . . . . . . . . . . . 1 Energy Bleed 4 | . . . . . . . . . . 1 . 1 . . . . 1 . . . . 1 . . Interference 4 | . . . . . . 2 . . . 1 . 1 . . . . . . . . . . . . Short Circuit 1 | . . . . . . . . . . . . . . . . . . . . . . . . 1 Siege Activations 72 | . . . . . . . . . . . 5 7 3 1 1 . 16 3 3 6 3 15 5 4 Total Turns 1250 | . . . . . . . . . . . 75 100 77 8 19 . 242 105 74 78 54 279 88 51 Longest Duration 82 | . . . . . . . . . . . 25 36 41 8 19 . 43 82 53 32 26 45 38 19 Robots Corrupted 3 | . . . . . 1 . . . 2 . . . . . . . . . . . . . . . Combat Hostiles 2 | . . . . . 1 . . . 1 . . . . . . . . . . . . . . . Parts Fried 14 | . . . . . 3 . 3 . 8 . . . . . . . . . . . . . . . Impact Corruptions . | . . . . . . . . . . . . . . . . . . . . . . . . . Robots Melted 5 | . . . . . . . . . . 1 . 1 . . . 1 1 1 . . . . . . Combat Hostiles 5 | . . . . . . . . . . 1 . 1 . . . 1 1 1 . . . . . . Parts Melted 25 | . . . . . . . . . 3 2 5 4 . 1 . 1 7 . . . . . . 2 Heat Transferred 28546 | . 100 . . . . . . . 2751 7600 1796 3497 444 592 . 3515 4218 1369 629 . . 370 1480 185 Parts Sabotaged . | . . . . . . . . . . . . . . . . . . . . . . . . . Parts Stolen . | . . . . . . . . . . . . . . . . . . . . . . . . . Parts Stripped . | . . . . . . . . . . . . . . . . . . . . . . . . . Power Chain Reactions 2 | . 1 . . . . . . . 1 . . . . . . . . . . . . . . . Alert | -11 -10 -10 -9 -9 -8 -8 -8 -8 -7 -7 -7 -7 -7 -7 -6 -6 -6 -6 -6 -6 -6 -5 -5 -4 ------- Run | Yrd Mat Min Mat Min Mat Gar Mat Gar Fac Was Fac Gar Fac Gar Fac Was Fac Ext Cet Arc Hub Fac Gar Fac Peak Influence 1347 | 15 201 56 274 81 410 842 522 839 899 314 131 1060 645 1019 564 108 1339 1339 586 386 286 766 1347 777 Initial 707 | . 9 2 1 71 . 48 410 168 440 314 . 53 556 250 534 102 . 655 495 154 65 105 536 707 Average 375 | 5 51 12 159 21 107 458 402 549 636 159 53 595 348 539 371 70 503 882 522 258 92 344 882 614 Maximum Alert Level 4 | . 1 . 1 . 2 3 2 3 3 1 . 3 2 3 2 . 4 4 2 1 1 3 4 3 Low Security (%) 38 | 100 98 100 54 100 75 11 . 5 . 62 100 14 1 . . 100 17 . . 56 84 26 . . Level 1 19 | . 1 . 45 . 22 32 44 22 . 37 . 16 84 29 44 . 32 . 14 43 15 39 . 4 Level 2 24 | . . . . . 1 47 55 42 73 . . 32 13 49 55 . 17 23 85 . . 27 33 69 Level 3 15 | . . . . . . 7 . 30 26 . . 36 . 21 . . 25 60 . . . 7 52 26 Level 4 2 | . . . . . . . . . . . . . . . . . 6 16 . . . . 13 . Level 5 . | . . . . . . . . . . . . . . . . . . . . . . . . . High Security . | . . . . . . . . . . . . . . . . . . . . . . . . . Max Security . | . . . . . . . . . . . . . . . . . . . . . . . . . Squads Dispatched 75 | . 2 . 3 1 5 . . . 12 . 7 . 5 . 2 . 12 6 . . 4 11 . 5 Investigation 14 | . 2 . . 1 . . . . 2 . 1 . 1 . 1 . 1 . . . 3 1 . 1 Extermination 15 | . . . . . . . . . 4 . 1 . 2 . 1 . 3 . . . . 2 . 2 Reinforcement 27 | . . . 3 . 2 . . . 3 . 2 . 2 . . . 3 3 . . 1 6 . 2 Assault 13 | . . . . . . . . . 3 . . . . . . . 5 3 . . . 2 . . Garrison 6 | . . . . . 3 . . . . . 3 . . . . . . . . . . . . . Intercept . | . . . . . . . . . . . . . . . . . . . . . . . . . Searches Triggered . | . . . . . . . . . . . . . . . . . . . . . . . . . Construction Impeded 12 | . . . 1 . 2 . . . . . . . . . . . 2 2 . . . 3 . 2 Haulers Reinforced 2 | . . . . . . . . . . . . . . . . . . . . . . 2 . . Active Scanning Responses . | . . . . . . . . . . . . . . . . . . . . . . . . . Cargo Convoy Interrupts 1 | . . . . . . . . . . . . . . . . . 1 . . . . . . . Alert ID Control Effect 3 | . . . . . . . . . . . . . . . . . . . . . . . . 3 Stealth | -11 -10 -10 -9 -9 -8 -8 -8 -8 -7 -7 -7 -7 -7 -7 -6 -6 -6 -6 -6 -6 -6 -5 -5 -4 --------- Run | Yrd Mat Min Mat Min Mat Gar Mat Gar Fac Was Fac Gar Fac Gar Fac Was Fac Ext Cet Arc Hub Fac Gar Fac Distress Signals 23 | . . . 4 . 6 . . . 2 . . . . . . . 1 3 2 . 1 2 . 2 Communications Jammed . | . . . . . . . . . . . . . . . . . . . . . . . . . Distress Signals . | . . . . . . . . . . . . . . . . . . . . . . . . . Times Spotted 683 | . 23 5 47 3 24 25 7 33 65 6 10 40 21 39 8 5 102 57 9 14 16 47 45 32 Peak Tracking Total 13 | . 2 5 7 3 8 6 2 9 5 1 3 6 3 7 2 3 13 7 5 1 9 6 9 8 Tactical Retreats 22 | . . . . . 1 4 . . 5 1 1 2 . 2 . . 2 . . . 1 2 . 1 Traps | -11 -10 -10 -9 -9 -8 -8 -8 -8 -7 -7 -7 -7 -7 -7 -6 -6 -6 -6 -6 -6 -6 -5 -5 -4 ------- Run | Yrd Mat Min Mat Min Mat Gar Mat Gar Fac Was Fac Gar Fac Gar Fac Was Fac Ext Cet Arc Hub Fac Gar Fac Traps Triggered 31 | . . . 1 . 2 3 . 4 6 . . 3 . 3 1 . 3 4 . . . . 1 . Indirectly . | . . . . . . . . . . . . . . . . . . . . . . . . . Trap Hack Attempts . | . . . . . . . . . . . . . . . . . . . . . . . . . Triggered . | . . . . . . . . . . . . . . . . . . . . . . . . . Disarmed . | . . . . . . . . . . . . . . . . . . . . . . . . . Reprogrammed . | . . . . . . . . . . . . . . . . . . . . . . . . . Reused . | . . . . . . . . . . . . . . . . . . . . . . . . . Traps Extracted . | . . . . . . . . . . . . . . . . . . . . . . . . . Installed . | . . . . . . . . . . . . . . . . . . . . . . . . . Triggered . | . . . . . . . . . . . . . . . . . . . . . . . . . Machines | -11 -10 -10 -9 -9 -8 -8 -8 -8 -7 -7 -7 -7 -7 -7 -6 -6 -6 -6 -6 -6 -6 -5 -5 -4 ---------- Run | Yrd Mat Min Mat Min Mat Gar Mat Gar Fac Was Fac Gar Fac Gar Fac Was Fac Ext Cet Arc Hub Fac Gar Fac Machines Disabled 52 | . . . . . 5 3 . . 9 . 1 . 1 10 1 . 4 3 . 5 2 1 . 7 Max in Single Turn 4 | . . . . . 2 2 . . 2 . 1 . 1 1 1 . 1 1 . 2 1 1 . 4 Garrison Relay 16 | . . . . . . 1 . 2 . . . 5 . 4 . . . . . . . . 4 . Phase Generator 1 | . . . . . . 1 . . . . . . . . . . . . . . . . . . Network Hub 1 | . . . . . . . . . . . . . . . . . . . . . 1 . . . Energy Cycler 1 | . . . . . . . . . . . . . . . . . . 1 . . . . . . Machines Repaired . | . . . . . . . . . . . . . . . . . . . . . . . . . Machines Dismantled 12 | . . . . . . 1 . 2 . . . 5 . . . . . . . . . . 4 . Machines Sabotaged 1 | . . . . . . . . . . . . . . . . . . . . . 1 . . . Overloaded Fab Kills . | . . . . . . . . . . . . . . . . . . . . . . . . . Hacking | -11 -10 -10 -9 -9 -8 -8 -8 -8 -7 -7 -7 -7 -7 -7 -6 -6 -6 -6 -6 -6 -6 -5 -5 -4 --------- Run | Yrd Mat Min Mat Min Mat Gar Mat Gar Fac Was Fac Gar Fac Gar Fac Was Fac Ext Cet Arc Hub Fac Gar Fac Machines Accessed 86 | . 8 1 4 2 10 1 5 2 11 . 2 4 6 2 2 . 7 7 . . 4 5 2 1 Terminals 55 | . 6 1 3 . 6 1 3 2 6 . . 4 2 2 . . 3 7 . . 4 2 2 1 Fabricators 8 | . . . . . . . . . 4 . . . . . 1 . 2 . . . . 1 . . Repair Stations 9 | . 1 . . . 1 . 1 . 1 . 1 . 2 . . . 1 . . . . 1 . . Recycling Units 3 | . 1 . 1 . . . . . . . . . 1 . . . . . . . . . . . Scanalyzers 4 | . . . . . 2 . . . . . . . . . 1 . 1 . . . . . . . Garrison Access 5 | . . . . . 1 . 1 . . . 1 . 1 . . . . . . . . 1 . . Total Hacks 218 | . 29 4 8 2 34 1 16 3 25 . 4 4 11 2 5 . 12 12 . . 9 26 2 9 Successful 105 | . 13 1 3 2 15 1 9 1 9 . 3 2 3 1 4 . 4 3 . . 9 17 2 3 Failed 113 | . 16 3 5 . 19 . 7 2 16 . 1 2 8 1 1 . 8 9 . . . 9 . 6 Catastrophic 33 | . 1 2 1 . 5 . 4 1 4 . . 2 3 . . . 2 3 . . . 2 . 3 Database Lockouts . | . . . . . . . . . . . . . . . . . . . . . . . . . Manual 69 | . 12 . 4 . 9 . 9 . 6 . . . 2 . . . . 2 . . 6 10 . 9 Terminals 146 | . 20 4 7 . 23 1 11 3 13 . . 4 4 2 . . 4 12 . . 9 18 2 9 Fabricators 19 | . . . . . . . . . 9 . . . . . 3 . 4 . . . . 3 . . Repair Stations 27 | . 7 . . . 2 . 2 . 3 . 3 . 3 . . . 3 . . . . 4 . . Recycling Units 6 | . 2 . 1 . . . . . . . . . 3 . . . . . . . . . . . Scanalyzers 11 | . . . . . 8 . . . . . . . . . 2 . 1 . . . . . . . Garrison Access 7 | . . . . . 1 . 3 . . . 1 . 1 . . . . . . . . 1 . . Terminal Hacks 55 | . 7 1 3 2 6 1 4 1 4 . . 2 1 1 . . . 3 . . 5 9 2 3 Record 1 | . . 1 . . . . . . . . . . . . . . . . . . . . . . Part Schematic 4 | . 1 . . . . . 1 . . . . . . . . . . . . . . 2 . . Robot Schematic 1 | . 1 . . . . . . . . . . . . . . . . . . . . . . . Robot Analysis 1 | . 1 . . . . . . . . . . . . . . . . . . . . . . . Prototype ID Bank 2 | . 1 . . . 1 . . . . . . . . . . . . . . . . . . . Open Door 6 | . . . . 2 . . . . . . . 1 . . . . . 3 . . . . . . Level Access Points 1 | . . . . . . . . . . . . . . . . . . . . . 1 . . . Branch Access Points 5 | . . . 1 . 1 . . . 1 . . . . . . . . . . . 1 . . 1 Emergency Access Points 3 | . . . 1 . . . . . . . . . . . . . . . . . . 1 1 . Machine Index 2 | . . . . . . . . . . . . . . . . . . . . . 1 1 . . Terminal Index 1 | . . . . . . . 1 . . . . . . . . . . . . . . . . . Fabricator Index 1 | . . . . . . . . . . . . . . . . . . . . . . . . 1 Alert Level 1 | . . . 1 . . . . . . . . . . . . . . . . . . . . . Unreport Threat 7 | . . . . . 2 . 1 . 2 . . . . . . . . . . . 1 . . 1 Locate Traps 7 | . 2 . . . 2 . 1 . 1 . . . . . . . . . . . . 1 . . Maintenance Status 1 | . . . . . . . . . . . . . . . . . . . . . . 1 . . Recall Reinforcements 2 | . . . . . . . . . . . . . . . . . . . . . . 2 . . Hauler Manifests 2 | . 1 . . . . . . . . . . . 1 . . . . . . . . . . . Zone Layout 2 | . . . . . . . . . . . . . . . . . . . . . 1 1 . . Garrison Registry 1 | . . . . . . 1 . . . . . . . . . . . . . . . . . . Patrol Navigation 2 | . . . . . . . . 1 . . . 1 . . . . . . . . . . . . Security Stations 2 | . . . . . . . . . . . . . . 1 . . . . . . . . 1 . Fabricator Hacks 9 | . . . . . . . . . 3 . . . . . 2 . 2 . . . . 2 . . Network Status 1 | . . . . . . . . . . . . . . . 1 . . . . . . . . . Load Schematic 5 | . . . . . . . . . 2 . . . . . 1 . 1 . . . . 1 . . Build 3 | . . . . . . . . . 1 . . . . . . . 1 . . . . 1 . . Repair Station Hacks 17 | . 4 . . . 1 . 2 . 1 . 2 . 1 . . . 2 . . . . 4 . . Scan Component 10 | . 2 . . . 1 . 1 . 1 . 1 . 1 . . . 1 . . . . 2 . . Repair 7 | . 2 . . . . . 1 . . . 1 . . . . . 1 . . . . 2 . . Recycling Unit Hacks 1 | . 1 . . . . . . . . . . . . . . . . . . . . . . . Retrieve Components 1 | . 1 . . . . . . . . . . . . . . . . . . . . . . . Scanalyzer 9 | . . . . . 7 . . . . . . . . . 2 . . . . . . . . . Insert Component 6 | . . . . . 4 . . . . . . . . . 2 . . . . . . . . . Analyze 3 | . . . . . 3 . . . . . . . . . . . . . . . . . . . Garrison Access Hacks 6 | . . . . . 1 . 2 . . . 1 . 1 . . . . . . . . 1 . . Unlock Access 5 | . . . . . 1 . 1 . . . 1 . 1 . . . . . . . . 1 . . Coupler Status 1 | . . . . . . . 1 . . . . . . . . . . . . . . . . . Unauthorized Hacks 8 | . 1 . . . . . 1 . 1 . . . . . . . . . . . 4 1 . . Terminals 7 | . 1 . . . . . . . 1 . . . . . . . . . . . 4 1 . . Assimilate 1 | . . . . . . . . . 1 . . . . . . . . . . . . . . . Botnet 3 | . 1 . . . . . . . . . . . . . . . . . . . 1 1 . . Sabotage 3 | . . . . . . . . . . . . . . . . . . . . . 3 . . . Fabricators . | . . . . . . . . . . . . . . . . . . . . . . . . . Repair Stations . | . . . . . . . . . . . . . . . . . . . . . . . . . Recycling Units . | . . . . . . . . . . . . . . . . . . . . . . . . . Scanalyzers . | . . . . . . . . . . . . . . . . . . . . . . . . . Garrison Access 1 | . . . . . . . 1 . . . . . . . . . . . . . . . . . Broadcast 1 | . . . . . . . 1 . . . . . . . . . . . . . . . . . Data Cores Recovered . | . . . . . . . . . . . . . . . . . . . . . . . . . Used . | . . . . . . . . . . . . . . . . . . . . . . . . . Hacking Detections 65 | . 7 1 4 . 9 . 3 1 11 . 2 3 4 2 2 . 7 4 . . 1 3 . 1 Full Trace Events 13 | . 2 . 1 . 1 . . 1 2 . 1 . 1 . 1 . 1 . . . . 1 . 1 Feedback Events 1 | . . . . . 1 . . . . . . . . . . . . . . . . . . . Corruption 1 | . . . . . 1 . . . . . . . . . . . . . . . . . . . Feedback Blocked . | . . . . . . . . . . . . . . . . . . . . . . . . . Robot Schematics Acquired 1 | . 1 . . . . . . . . . . . . . . . . . . . . . . . Robots Built . | . . . . . . . . . . . . . . . . . . . . . . . . . Authchips . | . . . . . . . . . . . . . . . . . . . . . . . . . Time . | . . . . . . . . . . . . . . . . . . . . . . . . . Total Robot Build Rating . | . . . . . . . . . . . . . . . . . . . . . . . . . Part Schematics Acquired 7 | . 1 . . . 3 . 1 . . . . . . . . . . . . . . 2 . . Parts Built 5 | . . . . . . . . . 1 . . . . . . . 3 . . . . 1 . . Authchips . | . . . . . . . . . . . . . . . . . . . . . . . . . Time 166 | . . . . . . . . . 73 . . . . . . . 62 . . . . 31 . . Total Part Build Rating 14 | . . . . . . . . . 3 . . . . . . . 6 . . . . 5 . . Parts Repaired 7 | . 2 . . . . . 1 . . . 1 . . . . . 1 . . . . 2 . . Time 387 | . 58 . . . . . 32 . . . 56 . . . . . 25 . . . . 216 . . Parts Recycled . | . . . . . . . . . . . . . . . . . . . . . . . . . Recycled Matter . | . . . . . . . . . . . . . . . . . . . . . . . . . Retrieved Matter . | . . . . . . . . . . . . . . . . . . . . . . . . . Retrieved Components 3 | . 3 . . . . . . . . . . . . . . . . . . . . . . . Parts Scanalyzed 3 | . . . . . 3 . . . . . . . . . . . . . . . . . . . Part Schematics Acquired 3 | . . . . . 3 . . . . . . . . . . . . . . . . . . . Parts Damaged . | . . . . . . . . . . . . . . . . . . . . . . . . . Bothacking | -11 -10 -10 -9 -9 -8 -8 -8 -8 -7 -7 -7 -7 -7 -7 -6 -6 -6 -6 -6 -6 -6 -5 -5 -4 ------------ Run | Yrd Mat Min Mat Min Mat Gar Mat Gar Fac Was Fac Gar Fac Gar Fac Was Fac Ext Cet Arc Hub Fac Gar Fac Used RIF Installer 8 | . . . . . . 2 . 2 . . . 1 . 2 . . . . . . . . 1 . Hotswap 1 | . . . . . . . . . . . . . . . . . . . . . . . 1 . Command Fork 2 | . . . . . . 1 . 1 . . . . . . . . . . . . . . . . Zone Cloak 1 | . . . . . . . . . . . . . . 1 . . . . . . . . . . Watcher Feeds 1 | . . . . . . . . 1 . . . . . . . . . . . . . . . . Patrol Navigation 1 | . . . . . . . . . . . . 1 . . . . . . . . . . . . Alert ID Control 1 | . . . . . . . . . . . . . . 1 . . . . . . . . . . Robots Hacked 58 | . . . . . . . . 5 6 6 . 4 7 12 3 4 2 2 . . . . 3 4 Non-combat 17 | . . . . . . . . . 6 . . . 3 . 2 . 2 2 . . . . . 2 Combat 41 | . . . . . . . . 5 . 6 . 4 4 12 1 4 . . . . . . 3 2 Robot Hacks Applied 67 | . . . . . . . . 6 7 7 . 4 10 12 4 4 2 4 . . . . 3 4 parse_system 5 | . . . . . . . . 1 2 . . . 1 . . . 1 . . . . . . . no_distress 1 | . . . . . . . . . . . . . 1 . . . . . . . . . . . find_chute 3 | . . . . . . . . . 3 . . . . . . . . . . . . . . . hold_bot 1 | . . . . . . . . . . . . . . . . . . . . . . . . 1 drop_inventory 1 | . . . . . . . . . . . . . . . . . . . . . . . . 1 find_station 1 | . . . . . . . . . 1 . . . . . . . . . . . . . . . purge_threat 6 | . . . . . . . . . . . . . 2 . 1 . . 3 . . . . . . find_terminals 1 | . . . . . . . . . . . . . 1 . . . . . . . . . . . locate_traps 1 | . . . . . . . . . . . . . 1 . . . . . . . . . . . ignore_targets 11 | . . . . . . . . . . 7 . . . . . 4 . . . . . . . . find_garrison 1 | . . . . . . . . . . . . . 1 . . . . . . . . . . . amplify_resonance 8 | . . . . . . . . . . . . 1 . 4 . . . . . . . . 2 1 go_dormant 1 | . . . . . . . . . . . . . 1 . . . . . . . . . . . overwrite_iff 18 | . . . . . . . . 5 . . . 2 1 7 1 . . . . . . . 1 1 formatsys_low 5 | . . . . . . . . . 1 . . . . . 2 . 1 1 . . . . . . formatsys_high 3 | . . . . . . . . . . . . 1 1 1 . . . . . . . . . . Relay Couplers Released 77 | . . . . . . 3 . 10 . . . 23 . 23 . . . . . . . . 18 . Machine Destruction 66 | . . . . . . 3 . 7 . . . 19 . 19 . . . . . . . . 18 . Programmers 11 | . . . . . . . . 3 . . . 4 . 4 . . . . . . . . . . Attached 25 | . . . . . . . 1 1 1 . . 3 2 6 2 1 . 1 . . . . 5 2 Fabnet Peak Effective % . | . . . . . . . . . . . . . . . . . . . . . . . . . Robots Rewired 6 | . . . . . . . . . . . . . . . . . . 6 . . . . . . Allies Hacked 1 | . . . . . . . . . . . . . 1 . . . . . . . . . . . Hacks Repelled . | . . . . . . . . . . . . . . . . . . . . . . . . . Allies | -11 -10 -10 -9 -9 -8 -8 -8 -8 -7 -7 -7 -7 -7 -7 -6 -6 -6 -6 -6 -6 -6 -5 -5 -4 -------- Run | Yrd Mat Min Mat Min Mat Gar Mat Gar Fac Was Fac Gar Fac Gar Fac Was Fac Ext Cet Arc Hub Fac Gar Fac Total Allies 50 | . . 2 . . . . . 4 2 . . 6 3 11 4 . 4 8 . . . . 4 2 Largest Group 5 | . . 2 2 . . . . 2 1 . . 4 3 3 2 1 2 5 . . . . 2 2 Highest-Rated Group 260 | . . 41 41 . . . . 30 26 . . 120 88 64 41 20 62 260 . . . . 157 112 Highest-Rated Ally 159 | . . 31 31 . . . . 16 26 . . 32 32 32 41 20 31 159 . . . . 95 95 Total Orders 49 | . . . . 4 5 7 1 . 12 . . . 4 . 2 1 3 8 . . 1 1 . . STAY 1 | . . . . . . . . . . . . . . . 1 . . . . . . . . . AID 4 | . . . . . . . . . . . . . . . 1 1 1 1 . . . . . . EXPLORE 2 | . . . . . . . . . . . . . . . . . . 2 . . . . . . RETURN 42 | . . . . 4 5 7 1 . 12 . . . 4 . . . 2 5 . . 1 1 . . Ally Attacks 220 | . . 9 . . . . . 12 . . . 20 25 23 3 . 14 95 . . . . 13 6 Total Damage 5694 | . . 144 . . . . . 218 . . . 713 580 366 162 . 234 2426 . . . . 542 309 Kills 53 | . . 2 . . . . . 3 . . . 7 6 3 . . 4 17 . . . . 7 4 Allies Corrupted 2 | . . . . . . . . . . . . . . . . 2 . . . . . . . . Allies Melted . | . . . . . . . . . . . . . . . . . . . . . . . . . Intel | -11 -10 -10 -9 -9 -8 -8 -8 -8 -7 -7 -7 -7 -7 -7 -6 -6 -6 -6 -6 -6 -6 -5 -5 -4 ------- Run | Yrd Mat Min Mat Min Mat Gar Mat Gar Fac Was Fac Gar Fac Gar Fac Was Fac Ext Cet Arc Hub Fac Gar Fac Robot Analysis Total 1 | . 1 . . . . . . . . . . . . . . . . . . . . . . . Derelict Logs Recovered 3 | . . 1 . 2 . . . . . . . . . . . . . . . . . . . . Drone Launches 56 | . . . . 4 7 7 1 . 12 . . . 5 . 1 . 8 7 . . 1 3 . . Drone Recoveries 48 | . . . . 4 6 7 1 . 12 . . . 5 . . . 5 7 . . 1 . . . Exploration | -11 -10 -10 -9 -9 -8 -8 -8 -8 -7 -7 -7 -7 -7 -7 -6 -6 -6 -6 -6 -6 -6 -5 -5 -4 ------------- Run | Yrd Mat Min Mat Min Mat Gar Mat Gar Fac Was Fac Gar Fac Gar Fac Was Fac Ext Cet Arc Hub Fac Gar Fac Turns Passed 34082 | 134 2156 1259 2106 2642 1720 1260 519 1016 2584 1074 1179 1738 1061 1261 716 587 3071 2205 470 789 284 1565 1210 1476 Spaces Moved 12785 | 66 822 488 536 804 685 587 272 326 1241 352 432 685 482 664 369 182 999 742 146 312 94 473 501 525 Core 7 | 4 . . . . . . . . . . . . . . . . . . . . . . . 3 Treads 9498 | 62 822 488 536 804 182 . . . 22 152 432 685 482 664 369 182 999 742 146 312 94 473 501 349 Legs . | . . . . . . . . . . . . . . . . . . . . . . . . . Wheels 3280 | . . . . . 503 587 272 326 1219 200 . . . . . . . . . . . . . 173 Hover . | . . . . . . . . . . . . . . . . . . . . . . . . . Flight . | . . . . . . . . . . . . . . . . . . . . . . . . . Fastest Speed 50 | 50 160 240 240 320 145 145 165 150 126 111 240 160 160 160 160 160 160 240 160 160 160 160 160 155 Average Speed 207 | 153 208 240 315 320 192 156 165 230 148 185 240 186 160 160 160 203 230 240 218 186 202 206 179 216 Slowest Speed 1350 | 160 240 240 320 320 392 205 165 275 720 240 240 240 160 160 160 240 320 240 320 240 240 240 240 1350 Overloaded Moves . | . . . . . . . . . . . . . . . . . . . . . . . . . Propulsion Burnouts . | . . . . . . . . . . . . . . . . . . . . . . . . . Robots Hopped . | . . . . . . . . . . . . . . . . . . . . . . . . . Cave-ins Triggered . | . . . . . . . . . . . . . . . . . . . . . . . . . Exploration Rate (%) 54 | 4 95 98 47 95 62 79 33 64 44 86 10 74 9 81 17 93 30 81 56 98 10 14 73 16 Regions Visited 24 Branch Regions 6 Pre-discovered Areas 2 | . . . . 2 . . . . . . . . . . . . . . . . . . . . Known Exits Taken 7 | . . . 1 . 1 . 1 . . . 1 . 1 . . . . . . . 1 1 . . Unknown Exits Taken 8 | 1 1 1 . 1 . . . . . . . . . . . . 1 1 1 1 . . . . Scrap Searched 3 | . . 1 . 2 . . . . . . . . . . . . . . . . . . . . Spaces Dug 65 | . . . . . 21 . 14 1 7 . . 9 1 . . . 9 . . . . 1 2 . Terrain Destroyed 922 | . 3 . 4 2 126 90 14 26 122 . 1 38 7 29 2 6 215 51 9 22 5 80 14 56 Melee . | . . . . . . . . . . . . . . . . . . . . . . . . . Projectile 271 | . . . . 2 21 . . 24 27 . 1 3 7 5 2 6 50 21 9 22 5 42 10 14 AOE 651 | . 3 . 4 . 105 90 14 2 95 . . 35 . 24 . . 165 30 . . . 38 4 42 Terrain Rammed . | . . . . . . . . . . . . . . . . . . . . . . . . . Walls Destroyed . | . . . . . . . . . . . . . . . . . . . . . . . . . Machines Disabled . | . . . . . . . . . . . . . . . . . . . . . . . . . Actions | -11 -10 -10 -9 -9 -8 -8 -8 -8 -7 -7 -7 -7 -7 -7 -6 -6 -6 -6 -6 -6 -6 -5 -5 -4 --------- Run | Yrd Mat Min Mat Min Mat Gar Mat Gar Fac Was Fac Gar Fac Gar Fac Was Fac Ext Cet Arc Hub Fac Gar Fac Total 17743 | 90 1155 566 787 857 986 833 321 466 1789 586 523 969 684 790 471 280 1452 985 228 465 150 866 692 752 Wait 2019 | . 218 64 70 38 176 94 20 6 280 35 46 95 109 15 51 1 191 52 7 89 32 191 52 87 Move 12767 | 65 821 487 535 803 685 586 272 325 1241 351 432 684 481 663 369 181 998 741 145 311 94 472 500 525 Hop . | . . . . . . . . . . . . . . . . . . . . . . . . . Pick Up 235 | 13 22 2 18 2 14 15 1 5 24 5 2 16 3 8 5 3 15 10 10 8 . 18 10 6 Fast Attach 190 | 3 5 1 . 2 5 8 2 5 13 18 8 13 2 7 6 8 9 15 4 11 1 14 8 22 Attach 143 | 3 . . 4 . 4 2 . 6 7 11 . 7 1 5 4 6 18 11 9 3 1 16 8 17 Detach 56 | . . . . . . . . . . 11 . 2 . 3 3 6 12 4 1 2 . 5 2 5 Swap 385 | . 8 2 19 . 20 28 7 23 53 13 4 35 30 22 5 2 19 28 6 4 3 22 21 11 Drop 300 | 2 17 3 22 2 19 24 2 8 29 27 7 20 5 13 8 9 12 18 5 13 1 13 9 12 Fire 1548 | 4 64 7 119 10 63 49 17 66 134 115 24 77 53 54 20 64 178 102 41 24 16 114 66 67 Melee . | . . . . . . . . . . . . . . . . . . . . . . . . . Ram . | . . . . . . . . . . . . . . . . . . . . . . . . . Kick . | . . . . . . . . . . . . . . . . . . . . . . . . . Crush 3 | . . . . . . . . . . . . . . . . . . . . . 2 1 . . Escape Stasis 58 | . . . . . . 24 . 16 8 . . 2 . . . . . 4 . . . . 4 . Rewire 2 | . . . . . . . . . . . . 2 . . . . . . . . . . . . Trap . | . . . . . . . . . . . . . . . . . . . . . . . . . Miscellaneous 37 | . . . . . . 3 . 6 . . . 16 . . . . . . . . . . 12 . Route ------- -11/Scrapyard -10/Materials (discovered 4 exits: *Mat x3 / *Min) -10/Mines (discovered 3 exits: *Mat x2 / [*Exi]) -9/Materials (discovered 3 exits: *Mat / *Min x2) -9/Mines (discovered 2 exits: *Mat x2) -8/Materials (discovered 2 exits: *Fac / Gar) -8/Garrison (discovered 3 exits: *Mat x3) -8/Materials (discovered 2 exits: *Fac / Gar) -8/Garrison (discovered 2 exits: *Fac x2) -7/Factory (discovered 5 exits: *Fac / Sto x2 / Low x2) -7/Waste -7/Factory -7/Garrison (discovered 3 exits: *Fac x3) -7/Factory -7/Garrison (discovered 3 exits: *Fac x3) -6/Factory -6/Waste -6/Factory (discovered 2 exits: *Fac / *Ext) -6/Extension (discovered 3 exits: *Fac x2 / *Cet) -6/Cetus (discovered 2 exits: *Fac / [*Arc]) -6/Archives (discovered 3 exits: *Fac / *Hub x2) -6/Hub_04(d) (discovered 4 exits: *Fac x4) -5/Factory (discovered 3 exits: *Fac / [*Upp] / Gar) -5/Garrison (discovered 3 exits: *Fac x3) -4/Factory (discovered 3 exits: [*Res] / Upp x2) History --------- Turn | Location | Event 31 | -11/Scrapyard | Discovered new exit (range 15) 135 | -11/Scrapyard | Entered Materials 313 | -10/Materials | Build established: Mutant 508 | -10/Materials | Discovered new exit (range 8) 652 | -10/Materials | Repaired Med. Armor Plating 680 | -10/Materials | Repaired Assault Rifle 788 | -10/Materials | Discovered new exit (range 13) 1226 | -10/Materials | Discovered new exit (range 16) 1461 | -10/Materials | Discovered new exit (range 16) 2291 | -10/Materials | Entered Mines 2292 | -10/Mines | Assembled infested the area 2626 | -10/Mines | Discovered new exit (range 5) 2628 | -10/Mines | Learned Materials stockpile data 2855 | -10/Mines | Discovered new exit (range 14) 3236 | -10/Mines | Discovered new exit (range 5) 3550 | -10/Mines | Entered Materials 3550 | -9/Materials | Accompanied by 2 allies 3550 | -9/Materials | Evolved 2 slots: Utility x2 3555 | -9/Materials | Led the pair of lost Derelicts to an unsafe place 3897 | -9/Materials | Destroyed 7 combat bots 4061 | -9/Materials | Identified exit to Mines 4546 | -9/Materials | Build established: Scavenger-Mutant 4557 | -9/Materials | Discovered new exit (range 16) 5482 | -9/Materials | Build established: Mutant 5656 | -9/Materials | Entered Mines 5705 | -9/Mines | Met a Derelict bent on vengeance 5737 | -9/Mines | Found the Drone Emporium 5750 | -9/Mines | Found Prototype Device 5750 | -9/Mines | Identified Sensor Drone Bay 6208 | -9/Mines | Found a hidden stash of uninstalled traps 6391 | -9/Mines | Discovered new exit (range 8) 7137 | -9/Mines | Met a Derelict shopkeep closing up shop 7424 | -9/Mines | Discovered new exit (range 13) 8298 | -9/Mines | Entered Materials 8298 | -8/Materials | Evolved 2 slots: Utility x2 8343 | -8/Materials | Garrison activated, responded to threat 8666 | -8/Materials | Met 7R-MNS 9097 | -8/Materials | Discovered new exit (range 16) 10018 | -8/Materials | Identified exit to Garrison 10018 | -8/Materials | Entered Garrison 10064 | -8/Garrison | Triggered checkpoint 10170 | -8/Garrison | Phase Generator disabled 10283 | -8/Garrison | Garrison Relay disabled 10386 | -8/Garrison | Triggered checkpoint 10517 | -8/Garrison | Discovered new exit (range 49) 10517 | -8/Garrison | Discovered new exit (range 12) 10517 | -8/Garrison | Discovered new exit (range 69) 10582 | -8/Garrison | Triggered checkpoint 10614 | -8/Garrison | Destroyed 7 combat bots 10631 | -8/Garrison | Spotted B-75 Beast 10684 | -8/Garrison | Lost 3 parts (1n2u) 10727 | -8/Garrison | Destroyed B-75 Beast 10956 | -8/Garrison | Installed Relay Interface Framework 11022 | -8/Garrison | Triggered checkpoint 11250 | -8/Garrison | Expanded RIF knowledge: Command Fork 11278 | -8/Garrison | Entered Materials 11303 | -8/Materials | Build established: Bothacker-Mutant 11501 | -8/Materials | Discovered new exit (range 15) 11572 | -8/Materials | Identified exit to Factory 11579 | -8/Materials | Repaired Shield Generator? 11797 | -8/Materials | Identified exit to Garrison 11797 | -8/Materials | Entered Garrison 11833 | -8/Garrison | Triggered checkpoint 11892 | -8/Garrison | Garrison Relay disabled 11994 | -8/Garrison | Triggered checkpoint 12091 | -8/Garrison | Expanded RIF knowledge: Watcher Feeds 12162 | -8/Garrison | Triggered checkpoint 12197 | -8/Garrison | Core integrity fell below 50% 12224 | -8/Garrison | Destroyed 9 combat bots 12266 | -8/Garrison | Discovered exit to Factory (range 10) 12293 | -8/Garrison | Triggered checkpoint 12377 | -8/Garrison | Garrison Relay disabled 12458 | -8/Garrison | Expanded RIF knowledge: Command Fork 12611 | -8/Garrison | Triggered checkpoint 12776 | -8/Garrison | Discovered exit to Factory (range 12) 12813 | -8/Garrison | Entered Factory 12813 | -7/Factory | Evolved 2 slots: Propulsion x2 13213 | -7/Factory | First assault squad dispatched 13685 | -7/Factory | P-60 Hacker assimilated allied Smith 4a 13909 | -7/Factory | Identified exit to Storage 13909 | -7/Factory | Identified exit to Lower Caves 14153 | -7/Factory | Discovered new exit (range 13) 14214 | -7/Factory | Identified exit to Factory 14464 | -7/Factory | Found Prototype Launcher 14464 | -7/Factory | Identified Rocket Array 14689 | -7/Factory | System corruption reached 10% 14766 | -7/Factory | Build established: Mutant 15168 | -7/Factory | Fabricated Hvy. Assault Cannon? 15299 | -7/Factory | Build established: Bothacker-Mutant 15397 | -7/Factory | Sucked down chute 15397 | -7/Factory | Entered Waste 15412 | -7/Waste | EMP discharged 15419 | -7/Waste | Spotted C-40 Crusher 15422 | -7/Waste | Spotted C-40 Crusher 15438 | -7/Waste | Destroyed C-40 Crusher 15441 | -7/Waste | Spotted C-40 Crusher 15441 | -7/Waste | Spotted C-40 Crusher 15453 | -7/Waste | Found Damper Plating 15470 | -7/Waste | Spotted C-40 Crusher 15512 | -7/Waste | EMP discharged 15527 | -7/Waste | Destroyed C-40 Crusher 15612 | -7/Waste | EMP discharged 15657 | -7/Waste | Spotted C-40 Crusher 15700 | -7/Waste | Destroyed C-40 Crusher 15712 | -7/Waste | EMP discharged 15812 | -7/Waste | EMP discharged 15828 | -7/Waste | Destroyed C-40 Crusher 15912 | -7/Waste | EMP discharged 16012 | -7/Waste | EMP discharged 16080 | -7/Waste | Destroyed C-40 Crusher 16112 | -7/Waste | EMP discharged 16212 | -7/Waste | EMP discharged 16277 | -7/Waste | Destroyed C-40 Crusher 16312 | -7/Waste | EMP discharged 16345 | -7/Waste | Discovered new exit (range 12) 16412 | -7/Waste | EMP discharged 16471 | -7/Waste | Entered Factory 16860 | -7/Factory | Garrison activated, responded to threat 16957 | -7/Factory | Repaired Hvy. Treads? 17650 | -7/Factory | Identified exit to Garrison 17650 | -7/Factory | Entered Garrison 17697 | -7/Garrison | Expanded RIF knowledge: Patrol Navigation 17762 | -7/Garrison | Triggered checkpoint 17805 | -7/Garrison | Garrison Relay disabled 17956 | -7/Garrison | Triggered checkpoint 18063 | -7/Garrison | Discovered new exit (range 8) 18158 | -7/Garrison | Triggered checkpoint 18237 | -7/Garrison | Garrison Relay disabled 18358 | -7/Garrison | Triggered checkpoint 18422 | -7/Garrison | Destroyed 9 combat bots 18438 | -7/Garrison | Triggered checkpoint 18488 | -7/Garrison | Triggered checkpoint 18517 | -7/Garrison | Garrison Relay disabled 18664 | -7/Garrison | Discovered new exit (range 12) 18708 | -7/Garrison | Triggered checkpoint 18812 | -7/Garrison | Build established: Botlord-Mutant 18842 | -7/Garrison | Discovered new exit (range 12) 18884 | -7/Garrison | Triggered checkpoint 18924 | -7/Garrison | Triggered checkpoint 18940 | -7/Garrison | Garrison Relay disabled 19200 | -7/Garrison | Triggered checkpoint 19234 | -7/Garrison | Garrison Relay disabled 19262 | -7/Garrison | Rescued a captive Derelict 19263 | -7/Garrison | Rescued a captive Derelict 19388 | -7/Garrison | Entered Factory 19388 | -7/Factory | Accompanied by 3 allies 19615 | -7/Factory | Lost 3 allies 20441 | -7/Factory | Identified exit to Garrison 20449 | -7/Factory | Entered Garrison 20496 | -7/Garrison | Expanded RIF knowledge: Alert ID Control 20547 | -7/Garrison | Garrison Relay disabled 20559 | -7/Garrison | Triggered checkpoint 20703 | -7/Garrison | Triggered checkpoint 20751 | -7/Garrison | Discovered exit to Factory (range 12) 20799 | -7/Garrison | Triggered checkpoint 20823 | -7/Garrison | Garrison Relay disabled 20964 | -7/Garrison | Triggered checkpoint 21053 | -7/Garrison | Discovered exit to Factory (range 10) 21147 | -7/Garrison | Triggered checkpoint 21175 | -7/Garrison | Core integrity fell below 50% 21194 | -7/Garrison | Garrison Relay disabled 21231 | -7/Garrison | Learned Factory security intel 21260 | -7/Garrison | Expanded RIF knowledge: Zone Cloak 21466 | -7/Garrison | Destroyed 7 combat bots 21511 | -7/Garrison | Triggered checkpoint 21534 | -7/Garrison | Discovered exit to Factory (range 13) 21606 | -7/Garrison | Garrison Relay disabled 21611 | -7/Garrison | Triggered checkpoint 21710 | -7/Garrison | Entered Factory 21710 | -6/Factory | Evolved 2 slots: Utility x1, Weapon x1 22044 | -6/Factory | Build established: Botlord-Tank 22173 | -6/Factory | Spotted B-75 Beast 22191 | -6/Factory | Destroyed B-75 Beast 22426 | -6/Factory | Sucked down chute 22426 | -6/Factory | Entered Waste 22431 | -6/Waste | 1 allies followed down the chute 22441 | -6/Waste | EMP discharged 22442 | -6/Waste | Spotted C-40 Crusher 22478 | -6/Waste | Spotted C-40 Crusher 22485 | -6/Waste | Destroyed C-40 Crusher 22487 | -6/Waste | Spotted C-40 Crusher 22490 | -6/Waste | Spotted C-40 Crusher 22491 | -6/Waste | 1 allies followed down the chute 22497 | -6/Waste | Destroyed C-40 Crusher 22516 | -6/Waste | Spotted C-40 Crusher 22541 | -6/Waste | EMP discharged 22541 | -6/Waste | System corruption reached 10% 22548 | -6/Waste | Spotted C-40 Crusher 22636 | -6/Waste | Destroyed C-40 Crusher 22641 | -6/Waste | EMP discharged 22647 | -6/Waste | Found Damper Plating 22741 | -6/Waste | EMP discharged 22762 | -6/Waste | Destroyed C-40 Crusher 22782 | -6/Waste | Destroyed C-40 Crusher 22841 | -6/Waste | EMP discharged 22864 | -6/Waste | Destroyed C-40 Crusher 22941 | -6/Waste | EMP discharged 22968 | -6/Waste | Discovered new exit (range 13) 23003 | -6/Waste | Build established: Bothacker-Tank 23013 | -6/Waste | Entered Factory 23132 | -6/Factory | Spotted B-75 Beast 23214 | -6/Factory | Allied Derelicts emerged from ambush trap array 23690 | -6/Factory | Discovered new exit (range 16) 23766 | -6/Factory | P-60 Hacker assimilated allied Machinist 5a 24079 | -6/Factory | Build established: Scavenger-Mutant 24313 | -6/Factory | Fabricated Plasma Cutter? 24454 | -6/Factory | Build established: Scavenger-Tank 24727 | -6/Factory | Repaired Imp. Heavy Armor Plating 24763 | -6/Factory | First assault squad dispatched 25238 | -6/Factory | Discovered new exit (range 6) 25266 | -6/Factory | Identified exit to Factory 25607 | -6/Factory | Cargo convoy interrupted 25670 | -6/Factory | Destroyed 13 combat bots 26084 | -6/Factory | Entered Extension 26715 | -6/Extension | Energy Cycler disabled 26715 | -6/Extension | Rescued a captive Derelict 26715 | -6/Extension | Rescued a captive Derelict 26716 | -6/Extension | Rescued a captive Derelict 26716 | -6/Extension | Rescued a captive Derelict 26717 | -6/Extension | Rescued a captive Derelict 26718 | -6/Extension | Rescued a captive Derelict 26719 | -6/Extension | Rescued a captive Derelict 26725 | -6/Extension | Rescued a captive Derelict 26780 | -6/Extension | Rescued A7 26784 | -6/Extension | First assault squad dispatched 27009 | -6/Extension | Disrupted transfer network 27468 | -6/Extension | Spotted B-75 Beast 27488 | -6/Extension | Allies destroyed B-75 Beast 27496 | -6/Extension | Spotted B-75 Beast 27533 | -6/Extension | Lost 3 allies 27551 | -6/Extension | Discovered exit to Factory (range 16) 27562 | -6/Extension | Destroyed B-75 Beast 27596 | -6/Extension | Extracted ID and sensor layout for unrecognized location from A7's data core 27972 | -6/Extension | Lost 3 allies 28128 | -6/Extension | System corruption reached 30% 28141 | -6/Extension | Discovered exit to Factory (range 10) 28144 | -6/Extension | Discovered new exit (range 6) 28289 | -6/Extension | Entered Cetus 28321 | -6/Cetus | Spotted Cetus Guard 28321 | -6/Cetus | Spotted Cetus Guard 28324 | -6/Cetus | Spotted Cetus Guard 28332 | -6/Cetus | Spotted Cetus Guard 28338 | -6/Cetus | Destroyed Cetus Guard 28346 | -6/Cetus | Destroyed Cetus Guard 28369 | -6/Cetus | Destroyed Cetus Guard 28376 | -6/Cetus | Destroyed Cetus Guard 28403 | -6/Cetus | Lost 4 parts (1n2u1w) 28515 | -6/Cetus | Discovered new exit (range 18) 28559 | -6/Cetus | Spotted Cetus Guard 28559 | -6/Cetus | Spotted Cetus Guard 28562 | -6/Cetus | Spotted Cetus Guard 28565 | -6/Cetus | Spotted Cetus Guard 28569 | -6/Cetus | Destroyed Cetus Guard 28571 | -6/Cetus | Core integrity fell below 50% 28606 | -6/Cetus | Destroyed Cetus Guard 28613 | -6/Cetus | Destroyed Cetus Guard 28625 | -6/Cetus | Destroyed Cetus Guard 28637 | -6/Cetus | Discovered exit to Factory (range 18) 28640 | -6/Cetus | Lost 6 parts (3n2u1w) 28663 | -6/Cetus | Met Revision 17 28759 | -6/Cetus | Entered Archives 28934 | -6/Archives | Discovered new exit (range 13) 28999 | -6/Archives | Discovered exit to Factory (range 14) 29025 | -6/Archives | Discovered new exit (range 18) 29237 | -6/Archives | Build established: Scavenger-Skirmisher 29548 | -6/Archives | Entered Hub_04(d) 29549 | -6/Hub_04(d) | Build established: Scavenger-Gunner 29787 | -6/Hub_04(d) | Network Hub disabled 29792 | -6/Hub_04(d) | Spotted Lightning 29794 | -6/Hub_04(d) | Spotted Lightning 29811 | -6/Hub_04(d) | Spotted Lightning 29832 | -6/Hub_04(d) | Entered Factory 29832 | -5/Factory | Evolved 2 slots: Power x1, Utility x1 29862 | -5/Factory | Lost 8 parts (2p2n2u2w) 30235 | -5/Factory | Fabricated Hvy. Reactive Plating (x1) 30411 | -5/Factory | Discovered new exit (range 15) 30606 | -5/Factory | Lost 4 parts (1p3u) 30874 | -5/Factory | Discovered new exit (range 14) 31032 | -5/Factory | First assault squad dispatched 31047 | -5/Factory | Repaired Centrium Heavy Treads? 31084 | -5/Factory | Build established: Scavenger-Tank 31171 | -5/Factory | Repaired Centrium Heavy Treads? 31206 | -5/Factory | Lost 4 parts (1n3w) 31218 | -5/Factory | Destroyed 7 combat bots 31387 | -5/Factory | Identified exit to Garrison 31397 | -5/Factory | Entered Garrison 31477 | -5/Garrison | Triggered checkpoint 31586 | -5/Garrison | Garrison Relay disabled 31680 | -5/Garrison | Spotted B-75 Beast 31681 | -5/Garrison | Triggered checkpoint 31748 | -5/Garrison | Destroyed B-75 Beast 31791 | -5/Garrison | Triggered checkpoint 31805 | -5/Garrison | Triggered checkpoint 31838 | -5/Garrison | Lost 3 parts (1p1n1u) 31852 | -5/Garrison | Destroyed 12 combat bots 32015 | -5/Garrison | Learned Factory security intel 32031 | -5/Garrison | Discovered new exit (range 14) 32079 | -5/Garrison | Triggered checkpoint 32104 | -5/Garrison | Garrison Relay disabled 32228 | -5/Garrison | Discovered new exit (range 10) 32242 | -5/Garrison | Found embedded Infiltrators 32259 | -5/Garrison | Triggered checkpoint 32317 | -5/Garrison | Garrison Relay disabled 32404 | -5/Garrison | Build established: Botlord-Gunner 32437 | -5/Garrison | Triggered checkpoint 32480 | -5/Garrison | Discovered new exit (range 15) 32496 | -5/Garrison | Expanded RIF knowledge: Hotswap 32531 | -5/Garrison | Triggered checkpoint 32554 | -5/Garrison | Garrison Relay disabled 32607 | -5/Garrison | Entered Factory 32607 | -4/Factory | Accompanied by 1 ally 32607 | -4/Factory | Evolved 2 slots: Utility x2 32607 | -4/Factory | Discovered new exit (range 16) 32944 | -4/Factory | Build established: Botlord-Tank 33042 | -4/Factory | Lost 3 parts (1p1u1w) 33348 | -4/Factory | Build established: Botlord-Gunner 33403 | -4/Factory | Identified exit to Upper Caves 33505 | -4/Factory | Lost 3 parts (1n2u) 33925 | -4/Factory | Lost 9 parts (2p2n4u1w) 33959 | -4/Factory | System corruption reached 10% 33978 | -4/Factory | Spotted B-86 Titan 33979 | -4/Factory | Build established: Botlord-Skirmisher 34055 | -4/Factory | Core integrity fell below 50% 34073 | -4/Factory | Lost 16 parts (2p2n6u6w) 34078 | -4/Factory | Core integrity fell below 20% 34083 | -4/Factory | Destroyed by S-27 Virus with Autogun Last Messages --------------- 34064_ K-01 Serf collects debris. 34064_ Penetrated by Slug. 34065_ U-05 Engineer lays Concrete. 34071_ C-30 ARC bursts open, deploying its payload. 34071_ S-27 Virus unfolds itself. 34072_ Slug penetrates Pressure Siphon. 34072_ Pressure Siphon disabled. 34075_ Penetrated by Slug. 34075_ Slug penetrates R-10 Processor. 34075_ R-10 Processor destroyed. 34075_ Slug penetrates Construction Platform. 34076_ K-01 Serf collects debris. 34078_ Penetrated by Slug. 34079_ K-01 Serf cleans the Construction Platform. 34081_ K-01 Serf collects debris. 34082_ Penetrated by Slug. 34083_ U-05 Engineer destroyed. 34083_ Jacked S-27 Virus... >>amplify_resonance Amplifying resonance, compromised power stability. Map ----- +----------------------------------------------------+ | ######## ####### "" "" #???????????????????? | | #??????# #?????# "" "" #???????????????????? | | ##??????# #?????# #??###??????????????? | | ????????# #?????# #?? ??????????????? | | ????????# #?????# ## ???????????????? | | ????????# #?????# ## ??????????????? | | ????????#+#############+####### ???????????????? | | ?????????? # % #########+#??????????? | | ?????????? # g b #??+#??????? | | ??????????=# ### ####### | | ????????? # % A w t | | ?????????### %"" """" | | ????????? # %"" """" A | | ???? ? # """ """" ######## | | ??? # """" #??????? | | ????"" """ # """" #??????? | | ???""" """ # """" #??????? | | ???""" """ # % = """" #??????? | | ??? *# #######? | | ???""" """ # """ """ | | ? """ """ +% %"" """ ###? | | """ """%# %"" """ #??? | | * !% *# %""" s +??? | | =[!# % %% s s #??? | | ############ % s #??? | | ??# @ s% #??? | | ??# | #####+#####?? | | ??# !%= """ """" #??# #?? | | ### =]= ! """" """" #??# =#?? | | # [%[ """" """" #??# #?? | | # h ==k% """" """" #??# !! #?? | | # """"k"""" #??# !! #?? | | # ########### % "" """" #??# #?? | | # #???? ???#% "" """" #??########?? | | # #?????????# % #???????????? | | # #?????????# % #???????????? | | # #?????????# = % "" "" #???????????? | | # #?????????# "F "" #???????????? | | + +?????????# """"" #???????????? | | # #??????? ?# % #???????????? | | # #?????????# #???????????? | | ### #?????????##### %#####+#####???????????? | | ### #?????????????#% ??????????????????????? | | + ???????????????????????????????????? | | #??????????????????????????????????????? | | #??????????????????????????????????????? | | """ #??????????????????????????????????????? | | """ #??????????????????????????????????????? | | """ #??????????????????????????????????????? | | #??????????????????????????????????????? | +----------------------------------------------------+ Best States ------------- Heat Dissipation 92 Coolant Potential 65 Energy Generation 37 Energy Capacity 1015 Matter Stores 300 Matter Capacity 300 Sight Range 18 Robot Scan Range 16 Terrain Scan Range 14 Terrain Scan Density 10 Power Amplification 20 Additional Mass Support 9 Armor Coverage 3200 Resistance: KI 30 Resistance: TH 20 Resistance: EM 90 Weapon Cycling 20 Evasion (%) 40 Targeting Accuracy 8 Target Analysis 6 Core Analysis 6 Armor Integrity Analysis 30 Recoil Reduction 4 Kinecelleration 40 Offensive Hacking 36 Defensive Hacking 12 Relay Coupler Types 5 Relay Coupler Value 131 Authchip Count 1 Item Schematics ----------------- Huge Storage Unit | -10/Materials | Hacked Med. Armor Plating | -8/Materials | Scanalyzed Plasma Cutter | -8/Materials | Scanalyzed Adv. Targeting Computer | -8/Materials | Scanalyzed Hvy. Assault Cannon | -8/Materials | Hacked Hvy. Treads | -5/Factory | Hacked Hvy. Reactive Plating | -5/Factory | Hacked Robot Schematics ------------------ M-13 Machinist | -10/Materials | Hacked Fabricated ------------ Hvy. Assault Cannon | x1 | -7/Factory Plasma Cutter | x3 | -6/Factory Hvy. Reactive Plating | x1 | -5/Factory Alien Tech Used ----------------- None Achievements -------------- Assimilation Complete Error 47 Infiltrator Left-hand Path Challenges ------------ None Game ------ Seed SuspensionZioniteDetector Manual? 0 Play Time 04:20:26 Cumulative 111.4 hours Start 2024.05.18 @ 19:56:03 End 2024.05.19 @ 18:55:52 Sessions 25 Manual Loads 0 Difficulty Rogue Special Mode None Game No. 23 Rogue 22 Adventurer 1 Explorer 0 Win Type - Total 10 Types 2/2/4/0/0/0/2/0/0 Lore% 49 Gallery% 68 Achievement% 62 Wizard Run 0 Options --------- Layout 0 ASCII 0 Keyboard 0 Movement Mouse Keybinds 0 Fullscreen 1 Font 18/Terminus Map View 76x50 Zoom Use 0% Tactical HUD 1 Map Filters NONE Filters NONE Steam 0 RUN: efb56b91-30da-4359-a7a3-2ed637f6fae4